 Dungeon Crawl Stone Soup version 0.31.0-12-g77e489cdc1 (webtiles) character file.

Game seed: 1310307687241957346

6326 Silvore the Cleaver (level 10, -1/88 HPs)
             Began as a Minotaur Fighter on Feb 20, 2024.
             Was a Priest of Okawaru.
             Slain by a hornet (2 damage)
             ... on level 9 of the Dungeon.
             The game lasted 00:14:50 (7032 turns).

Silvore the Cleaver (Minotaur Fighter)              Turns: 7032, Time: 00:14:51

Health: -1/88      AC: 13    Str: 26    XL:     10   Next: 64%
Magic:  7/9        EV: 12    Int:  5    God:    Okawaru [***...]
Gold:   454        SH:  7    Dex:  9    Spells: 9/9 levels left

rFire   . . .        D - +3 war axe (flame)
rCold   . . .        c - +1 buckler
rNeg    . . .        z - +0 chain mail
rPois   .            (helmet restricted)
rElec   .            (no cloak)
rCorr   .            (no gloves)
SInv    .            (no boots)
Will    .....        g - amulet of regeneration Stlth
                     (no ring)
HPRegen 1.14/turn    (no ring)
MPRegen 0.11/turn

%: no passive effects
@: lethally poisoned (-1 -> -13), heroic, slowed, studying Ranged Weapons, very
slow
A: horns 2, retaliatory headbutt
a: Renounce Religion, Heroism


You were on level 9 of the Dungeon.
You worshipped Okawaru.
Okawaru was most pleased with you.
You visited 2 branches of the dungeon, and saw 10 of its levels.
You also visited: Sewer and Ossuary.

You collected 454 gold pieces.

Inventory:

Hand Weapons
 a - a +0 war axe of protection
 D - a +3 war axe of flaming (weapon)
Armour
 b - a +0 scale mail
 c - a +1 buckler (worn)
 z - a +0 chain mail (worn)
Jewellery
 g - an amulet of regeneration (around neck)
 q - an amulet of the acrobat
 B - a ring of wizardry
 E - a ring of flight
Wands
 p - a wand of polymorph (4)
Scrolls
 d - a scroll of vulnerability
 e - 4 scrolls of teleportation
 n - 4 scrolls of poison
 o - a scroll of brand weapon
 y - a scroll of revelation
 A - a scroll of blinking
Potions
 f - 6 potions of haste
 h - a potion of attraction
 j - 3 potions of mutation
 k - 2 potions of enlightenment
 l - 3 potions of lignification
 m - a potion of cancellation
 r - 2 potions of berserk rage
 s - 2 potions of resistance
 t - a potion of degeneration {unknown}
 u - 6 potions of brilliance
 v - a potion of ambrosia {unknown}
 w - a potion of curing {unknown}
 x - a potion of invisibility {unknown}
 C - a potion of heal wounds


   Skills:
 + Level 8.2(13.2) Fighting
 + Level 13.3(18.3) Axes
 + Level 9.3(14.3) Armour
 + Level 4.5(9.5) Dodging
 + Level 0.3(5.3) Stealth
 + Level 7.5(12.5) Shields
 + Level 1.2 Invocations


You had 9 spell levels left.
You didn't know any spells.
Your spell library contained the following spells:

 Spells                   Type           Power      Damage    Failure   Level
 Freeze                   Ice            0%         1d3       89%         1
 Frozen Ramparts          Ice            0%         1d1       99%         3
 Hailstorm                Conj/Ice       0%         3d5       99%         3
 Inner Flame              Hex/Fire       0%         N/A       99%         3
 Brom's Barrelling Bould  Conj/Erth      0%         2d3       100%        4
 Flame Wave               Conj/Fire      0%         2d4       100%        4
 Fulminant Prism          Conj/Alch      0%         3d5       100%        4
 Sticky Flame             Fire/Alch      0%         2d4       100%        4
 Arcjolt                  Conj/Air       0%         1d10      100%        5


Dungeon Overview and Level Annotations

Branches:
Dungeon (9/15)             Temple (1/1) D:7            Lair (0/5) D:8
  Sewer (visited)         Ossuary (visited)
    Orc: D:9-12

Altars:
Ashenzari
Cheibriados
Dithmenos
Elyvilon
Fedhas
Gozag
Hepliaklqana
Kikubaaqudgha
Makhleb
Nemelex Xobeh
Okawaru
Qazlal
Ru
Sif Muna
Trog
Uskayaw
Vehumet
Wu Jian
Xom
Yredelemnul
Zin
The Shining One

Shops:
D:2 !   D:3 ((*((   D:8 :


Innate Abilities, Weirdness & Mutations

You have a pair of horns on your head.
You reflexively headbutt those who attack you in melee.


Message History

The hornet is almost dead.
You slash the orc! You burn the orc.
You kill the orc!
You feel very sick. The hornet stings you.
You feel as though you will be slow longer.
You block the hornet's attack.
You barely miss the hornet.
The hornet is almost dead.
You feel very sick. The hornet stings you.
You are more poisoned.
You suddenly lose the ability to move!
The hornet stings you but does no damage.
You feel very sick.
The orc priest looks encouraged for a moment.
The orc warrior hits you with a +1 mace of protection.
The hornet stings you!
* * * LOW HITPOINT WARNING * * *
You feel as though you will be slow longer.
You can move again.
You closely miss the hornet.
The hornet is almost dead.
You hit the orc warrior. You burn the orc warrior.
You feel very sick.
The hornet stings you but does no damage.
You block the orc warrior's attack. The hornet stings you.
* * * LOW HITPOINT WARNING * * *
You feel as though you will be slow longer.
The orc priest calls upon Beogh to heal the orc warrior.
The orc warrior's wounds heal themselves!
You block the orc warrior's attack.
You gain the combat prowess of a mighty hero.
You feel very sick. The hornet stings you!
* * * LOW HITPOINT WARNING * * *
You are more poisoned.
You feel as though you will be slow longer.
The hornet stings you.
You die... ##################≈ ≈≈≈≈≈≈≈≈≈≈≈≈≈≈≈≈≈≈≈ ≈≈≈≈≈≈≈≈≈≈≈≈≈≈≈≈≈≈≈ oooo...............

oo.o.##)#....$....#
.o. #y@)).......# o
#oo#)........#
..'o##))........
....## #..<......#
#### ########.## #


You could see a hornet, an orc warrior, an orc priest and an orc.

Vanquished Creatures
  Erica (D:8)
  A two-headed ogre (D:8)
  Sigmund (D:4)
  A wyvern (D:8)
  4 yaks (D:8)
  5 orc warriors
  3 sky beasts (D:7)
  5 black bears
  A centaur (D:8)
  5 ogres
  A weeping skull (Ossuary)
  2 brain worms (Sewer)
  2 bullfrogs (D:7)
  2 scorpions
  A gnoll sergeant (D:7)
  3 water moccasin zombies (Ossuary)
  5 wights (D:8)
  A howler monkey (D:6)
  An electric eel (D:9)
  8 crimson imps (D:8)
  5 orc priests
  6 hounds
  A jelly (D:7)
  Crazy Yiuf (D:5)
  Natasha (thrice) (D:4)
  A sleepcap (D:5)
  2 iguanas
  10 orc wizards
  3 crocodile zombies (Ossuary)
  3 mummies
  4 gnolls (D:7)
  12 adders
  4 river rats
  4 white imps
  An ufetubus (D:6)
  An adder zombie (Ossuary)
  5 dart slugs
  3 ribbon worms
  57 orcs
  10 ball pythons
  9 bats
  7 endoplasms
  6 giant cockroaches
  12 gnoll zombies (Ossuary)
  7 goblins
  7 hobgoblins
  3 jackals (D:4)
  5 kobolds
  4 quokkas
  10 frilled lizards
  3 jackal zombies (Ossuary)
  7 orc zombies (Ossuary)
  18 rats
287 creatures vanquished.

Notes
Turn   | Place    | Note
-------+----------+-------------------------------------------
     0 | D:1      | Silvore the Minotaur Fighter began the quest for the Orb.
     0 | D:1      | Reached XP level 1. HP: 19/19 MP: 0/0
   213 | D:1      | Reached XP level 2. HP: 24/27 MP: 1/1
   688 | D:2      | Reached XP level 3. HP: 30/33 MP: 2/2
  1000 | D:2      | Found a faded altar of an unknown god.
  1254 | D:2      | Reached skill level 3 in Axes
  1334 | D:2      | Reached XP level 4. HP: 32/40 MP: 3/3
  1420 | D:2      | Found Povyidab's Distillery.
  1783 | D:3      | Found Ovaet's Weapon Boutique.
  1830 | D:3      | Reached skill level 4 in Axes
  1849 | D:3      | Noticed a black bear
  1859 | D:3      | Killed a black bear
  1860 | D:3      | Reached skill level 5 in Axes
  1860 | D:3      | Reached skill level 1 in Dodging
  1860 | D:3      | Reached XP level 5. HP: 46/47 MP: 4/4
  1903 | D:3      | Found Turucs's General Store.
  1950 | D:3      | Found Xurid's Weapon Shop.
  1973 | D:3      | Found Riloh's Weapon Emporium.
  1973 | D:3      | Noticed a +0 quick blade
  1974 | D:3      | Noticed a +0 giant club
  2207 | D:3      | Found Ushony's Weapon Shop.
  2424 | D:4      | Noticed an ogre
  2429 | D:4      | Killed an ogre
  2429 | D:4      | Noticed Natasha
  2430 | D:4      | Reached skill level 5 in Armour
  2430 | D:4      | Reached XP level 6. HP: 38/53 MP: 5/5
  2439 | D:4      | Killed Natasha
  2531 | D:4      | Reached skill level 6 in Axes
  2645 | D:4      | Noticed Sigmund
  2674 | D:4      | Killed Sigmund
  2675 | D:4      | Reached XP level 7. HP: 58/60 MP: 6/6
  2722 | D:4      | Noticed Natasha
  2730 | D:4      | Killed Natasha
  2821 | D:4      | Found an ornate altar of the Wu Jian Council.
  2843 | D:4      | Reached skill level 5 in Fighting
  2843 | D:4      | Reached skill level 5 in Shields
  3416 | D:4      | Noticed Natasha
  3420 | D:4      | Killed Natasha
  3421 | D:4      | Reached skill level 7 in Axes
  3588 | D:5      | Entered Level 5 of the Dungeon
  3592 | D:5      | Found a sand-covered staircase.
  3601 | Ossuary  | Entered an ossuary
  3731 | Ossuary  | Reached skill level 8 in Axes
  3731 | Ossuary  | Reached XP level 8. HP: 68/68 MP: 7/7
  3835 | D:5      | Got the Textbook on Battling
  3899 | D:5      | Reached skill level 9 in Axes
  4128 | D:5      | Found a runed translucent door.
  4131 | D:5      | Noticed Crazy Yiuf
  4143 | D:5      | Killed Crazy Yiuf
  4407 | D:6      | Found a glowing drain.
  4418 | Sewer    | Entered a sewer
  4484 | Sewer    | Reached skill level 10 in Axes
  4858 | D:6      | Reached XP level 9. HP: 75/75 MP: 8/8
  5545 | D:7      | Found a shadowy altar of Dithmenos.
  5559 | D:7      | Reached skill level 11 in Axes
  5708 | D:7      | Found a staircase to the Ecumenical Temple.
  5718 | Temple   | Entered the Ecumenical Temple
  5735 | Temple   | Became a worshipper of Warmaster Okawaru
  5802 | D:7      | Found a sparkling altar of Nemelex Xobeh.
  6210 | D:7      | Found a burning altar of Makhleb.
  6231 | D:8      | Reached skill level 12 in Axes
  6233 | D:8      | Reached * piety under Okawaru
  6234 | D:8      | Reached XP level 10. HP: 84/86 MP: 9/9
  6357 | D:8      | Found a staircase to the Lair.
  6372 | D:8      | Noticed a two-headed ogre
  6386 | D:8      | Killed a two-headed ogre
  6390 | D:8      | Reached ** piety under Okawaru
  6569 | D:8      | Found Lucaur's Book Emporium.
  6594 | D:8      | Identified the +2 ring mail of the Charred Hot Ocelot
                  | {rCorr}
  6689 | D:8      | Noticed Erica
  6699 | D:8      | Killed Erica
  6700 | D:8      | Reached skill level 13 in Axes
  6803 | D:8      | Reached *** piety under Okawaru
  6804 | D:8      | Reached skill level 1 in Invocations
  7024 | D:9      | Paralysed by a hornet for 1 turns
  7029 | D:9      | Paralysed by a hornet for 2 turns
  7032 | D:9      | HP: 1/88 [hornet (12)]
  7032 | D:9      | Slain by a hornet

Illustrated notes

Levels and vault maps discovered:
D:1:      dpeg_arrival_rooms_c, layout_loops_ring
D:2:      minmay_thinvault, layout_loops_corners,
          shapermc_ecumenical_altar_ellora, serial_shops, shop
D:3:      layout_loops_ring, serial_shops, shop, shop, nicolae_shop_mannequins,
          nicolae_shop_just_a_little_nook, nicolae_shop_just_a_little_nook
D:4:      layout_layer_cave, kennysheep_small_circle, uniq_sigmund, uniq_natasha
D:5:      layout_cave_pools, gup_ossuary_entry_pyramid, uniq_crazy_yiuf_cottage
D:6:      layout_basic, portal_sewer_entry_e, minmay_manual_mail
D:7:      layout_cave_pools, mainiacjoe_overflow_big_doors,
          grunt_dithmenos_smoke, minmay_temple_entry_ruins
D:8:      layout_gridville, dpeg_oklobed_lair, glass_columns_c,
          nicolae_take_the_stairs, minmay_nine_imps, uniq_erica
D:9:      layout_roguey [special_room_orc], erik_orc_2, grunt_ministairs_5,
          lightli_wizard_tower
Temple:   nicolae_temple_bog_church

Skill      XL: |  1  2  3  4  5  6  7  8  9 10 |
---------------+-------------------------------+-----
Fighting       | 4 5 6 7 8 |  8.2
Armour         | 4 5 6 8 9 |  9.3
Shields        | 4 5 6 7 |  7.5
Axes           | 3 5 6 8 10 12 13 | 13.3
Dodging        | 1 2 3 4 |  4.5
Invocations    | 1 |  1.2
Stealth        | |  0.3

Action                     |  1- 3 |  4- 6 |  7- 9 | 10-12 || total
---------------------------+-------+-------+-------+-------++-------
  Melee: War axe           |    92 |    95 |   400 |   110 ||   697
         Headbutt          |     9 |    12 |    74 |    16 ||   111
 Invoke: Heroism           |       |       |       |     2 ||     2
    Use: Scroll            |     2 |     5 |    18 |     1 ||    26
         Potion            |       |     1 |     3 |     2 ||     6
 Armour: Scale mail        |    67 |    91 |   143 |       ||   301
         Skin              |       |    11 |       |       ||    11
         Chain mail        |       |       |   133 |    70 ||   203
  Dodge: Dodged            |    55 |    58 |   176 |    37 ||   326
  Block: Buckler           |    19 |    42 |   103 |    30 ||   194
